 Dungeon Crawl Stone Soup version 0.31-a0-237-g2d982f9f85 (webtiles) character file.

Game seed: 5683713572689950900

291 qw the Shooter (level 6, -2/52 HPs)
             Began as a Minotaur Hexslinger on July 10, 2023.
             Killed from afar by Ijyb (8 damage)
             ... with a puff of flame
             ... on level 5 of the Dungeon.
             The game lasted 00:00:56 (2717 turns).

qw the Shooter (Minotaur Hexslinger)                Turns: 2717, Time: 00:00:57

Health: -2/52      AC:  4    Str: 12    XL:     6   Next: 10%
Magic:  6/6        EV: 12    Int: 10    God:
Gold:   154        SH:  0    Dex: 15    Spells: 6/7 levels left

rFire   . . .        Y - +2 sling
rCold   . . .        (no shield)
rNeg    . . .        c - +0 robe
rPois   .            (helmet restricted)
rElec   .            k - +0 cloak
rCorr   .            i - +0 pair of gloves
SInv    .            (no boots)
Will    .....        (no amulet)
Stlth   +            (no ring)
HPRegen 0.28/turn    (no ring)
MPRegen 0.10/turn

%: no passive effects
@: no status effects
A: horns 2, retaliatory headbutt
a: no special abilities


You were on level 5 of the Dungeon.
You visited 1 branch of the dungeon, and saw 4 of its levels.

You collected 180 gold pieces.
You spent 26 gold pieces at shops.


Innate Abilities, Weirdness & Mutations

You have a pair of horns on your head.
You reflexively headbutt those who attack you in melee.


   Skills:
 - Level 4.2 Fighting
 - Level 6.0 Ranged Weapons
 + Level 0.2 Armour
 - Level 2.1 Dodging
 - Level 1.0 Spellcasting
 - Level 2.0 Hexes


You had 6 spell levels left.
You knew the following spells:

 Your Spells              Type           Power      Damage    Failure   Level
a - Slow                  Hex            16%        N/A       16%         1

Your spell library contained the following spells:

 Spells                   Type           Power      Damage    Failure   Level
 Inner Flame              Hex/Fire       2%         N/A       56%         3
 Portal Projectile        Hex/Tloc       4%         N/A       56%         3
 Cause Fear               Hex            2%         N/A       83%         4

Inventory:

Hand Weapons
 Y - a +2 sling (weapon)
Armour
 c - a +0 robe (worn)
 g - a +0 ring mail
 i - a +0 pair of gloves (worn)
 k - a +0 cloak (worn)
Jewellery
 a - a ring of ice
Scrolls
 b - a scroll of identify
 e - a scroll of teleportation
 n - a scroll of revelation {unknown}
Potions
 d - a potion of haste
 f - a potion of might
 h - a potion of heal wounds
 j - a potion of attraction {unknown}
 l - a potion of lignification {unknown}
 m - a potion of degeneration {unknown}
 o - a potion of enlightenment {unknown}

Dungeon Overview and Level Annotations

Branches:
Dungeon (5/15)
 Temple: D:4-7

Altars:
Yredelemnul
Zin

Shops:
D:2 ?   D:5 !

Annotations:
D:2 1 runed translucent door, Crazy Yiuf
D:5 Ijyb


Message History

You feel very sick.
You shoot a sling bullet.
The sling bullet closely misses the jackal.
The sling bullet hits the jackal!
You kill the jackal!
You feel sick. The jackal closely misses you. The jackal bites you.
You shoot a sling bullet.
The sling bullet closely misses the jackal.
The sling bullet barely misses the kobold.
The sling bullet hits the kobold!
You kill the kobold!
You feel sick. The jackal misses you. You furiously retaliate!
You headbutt the jackal.
You kill the jackal!
The kobold throws a poisoned dart.
The poisoned dart closely misses you.
You shoot a sling bullet. The sling bullet hits the kobold.
You kill the kobold!
You feel sick.
You start resting.
You feel sick. x4
You are no longer poisoned.
Ijyb the Twisted Goblin comes into view.
She is wielding a +0 club and carrying a wand of flame (11).
You shoot a sling bullet. The sling bullet hits Ijyb.
Ijyb is lightly wounded.
You shoot a sling bullet. The sling bullet hits Ijyb.
Ijyb is moderately wounded.
Ijyb screams, "Die!"
Ijyb zaps a wand.
The puff of flame hits you.
You shoot a sling bullet.
The sling bullet hits Ijyb but does no damage.
Ijyb is moderately wounded.
You shoot a sling bullet. The sling bullet hits Ijyb.
Ijyb is moderately wounded.
You shoot a sling bullet. The sling bullet hits Ijyb!
Ijyb is heavily wounded.
You shoot a sling bullet. The sling bullet closely misses Ijyb.
Ijyb screams, "I cut your head off!"
Ijyb zaps a wand.
The puff of flame hits you!
Ijyb zaps a wand.
The puff of flame hits you!
You die...

#.# ... #.# ...
#.# .). #.# #)#
#.# #g#########
##. #)#.......# ##
#%#.#####.# #
#@#.#...#.########
#.................
###.#...#.########
#.#####.#
#.......#
#########


You could see Ijyb.

Vanquished Creatures
  A kobold brigand (D:5)
  A hound (D:3)
  2 orc priests (D:3)
  Jessica (D:2)
  An adder (D:2)
  A worm (D:2)
  7 orcs (D:3)
  5 bats
  5 endoplasms
  2 giant cockroaches (D:2)
  4 goblins
  A hobgoblin (D:3)
  14 jackals
  5 quokkas
  2 ball pythons
  3 frilled lizards
  7 kobolds
  4 rats
66 creatures vanquished.

Vanquished Creatures (others)
  An orc wizard (D:3)
1 creature vanquished.

Grand Total: 67 creatures vanquished

Notes
Turn   | Place    | Note
-------+----------+-------------------------------------------
     0 | D:1      | qw the Minotaur Hexslinger began the quest for the Orb.
     0 | D:1      | Reached XP level 1. HP: 16/16 MP: 1/1
     0 | D:1      | 0 ||| qw: Version: 0.3-a-52-g30416fa
     0 | D:1      | 0 ||| qw: Game counter: 5001
     0 | D:1      | 0 ||| qw: Melee chars always use a shield: true
     0 | D:1      | 0 ||| qw: God list: Okawaru
     0 | D:1      | 0 ||| qw: Allow faded altars: false
     0 | D:1      | 0 ||| qw: Do Orc after clearing Dungeon:15 true
     0 | D:1      | 0 ||| qw: Do second Lair branch before Depths: true
     0 | D:1      | 0 ||| qw: Lair rune preference: random
     0 | D:1      | 0 ||| qw: Goals: Normal
     0 | D:1      | 0 ||| PLANNING D:1-11
   257 | D:1      | Reached skill level 3 in Ranged Weapons
   290 | D:1      | Reached XP level 2. HP: 23/23 MP: 2/2
   772 | D:1      | 772 ||| UPGRADING to +0 pair of gloves.
   777 | D:1      | 777 ||| READING scroll labelled VOICI AG GOL.
   778 | D:1      | 778 ||| READING scroll labelled SIQ YTEWOUP.
   781 | D:1      | 781 ||| DRINKING 2 fuming yellow potions.
   782 | D:1      | 782 ||| DROPPING scroll of poison.
   811 | D:2      | Found Soce's Magic Scroll Shoppe.
   819 | D:2      | 819 ||| SHOPLISTING scroll of brand weapon (123 gold, have
                  | 39).
   819 | D:2      | 819 ||| BUYING scroll of identify (26 gold).
   819 | D:2      | Bought a scroll of identify for 26 gold pieces
   881 | D:2      | Reached XP level 3. HP: 29/29 MP: 3/3
   985 | D:2      | Found a glowing silver altar of Zin.
  1004 | D:2      | Reached skill level 4 in Ranged Weapons
  1363 | D:2      | Found a runed translucent door.
  1364 | D:2      | Noticed Crazy Yiuf
  1425 | D:2      | Noticed Jessica
  1432 | D:2      | Killed Jessica
  1433 | D:2      | Reached XP level 4. HP: 25/36 MP: 4/4
  1536 | D:2      | 1536 ||| UPGRADING to +0 cloak.
  1541 | D:2      | 1541 ||| READING scroll labelled CIHYIDI ITZAQU.
  1542 | D:2      | 1542 ||| READING scroll labelled HAAGUO IHAUZ.
  1543 | D:2      | 1543 ||| READING 2 scrolls labelled TYAMIO NIAQU.
  1544 | D:2      | 1544 ||| READING scroll labelled DIASMA FERALA.
  1545 | D:2      | 1545 ||| READING 4 scrolls of identify.
  1545 | D:2      | 1545 ||| IDENTIFYING dark potion
  1546 | D:2      | 1546 ||| READING 3 scrolls of identify.
  1546 | D:2      | 1546 ||| IDENTIFYING red potion
  1547 | D:2      | 1547 ||| READING 2 scrolls of identify.
  1547 | D:2      | 1547 ||| IDENTIFYING golden potion
  1548 | D:2      | 1548 ||| DROPPING scroll of blinking.
  1591 | D:3      | 1591 ||| DRINKING 2 potions of curing.
  1591 | D:3      | 1591 ||| (to cure confusion)
  1597 | D:3      | HP: 9/36 [something (2)]
  1597 | D:3      | HP: 4/36 [orc priest/+0 hand axe (5)]
  1598 | D:3      | 1598 ||| READING 2 scrolls of teleportation.
  1599 | D:3      | 1599 ||| DRINKING potion of heal wounds.
  1602 | D:3      | Reached skill level 5 in Ranged Weapons
  1690 | D:3      | Found a faded altar of an unknown god.
  1714 | D:3      | Reached skill level 3 in Fighting
  1714 | D:3      | Reached XP level 5. HP: 44/45 MP: 5/5
  1779 | D:3      | 1779 ||| DRINKING potion of curing.
  1779 | D:3      | 1779 ||| (to cure confusion)
  1803 | D:3      | HP: 4/45 [orc priest/divine providence (15)]
  1804 | D:3      | 1804 ||| READING scroll of teleportation.
  2156 | D:3      | Found a basalt altar of Yredelemnul.
  2308 | D:3      | Reached skill level 6 in Ranged Weapons
  2631 | D:3      | You fall into a shaft and drop 2 floors!
  2631 | D:5      | Entered Level 5 of the Dungeon
  2633 | D:5      | Found Usteihos's Distillery.
  2682 | D:5      | Reached XP level 6. HP: 25/52 MP: 6/6
  2688 | D:5      | HP: 13/52 [poisoned by a kobold brigand]
  2711 | D:5      | Noticed Ijyb
  2717 | D:5      | HP: 6/52 [Ijyb/puff of flame (9)]
  2717 | D:5      | Killed from afar by Ijyb

Levels and vault maps discovered:
D:1:      dpeg_arrival_oval, layout_loops_ring, kennysheep_flooded_box
D:2:      layout_loops_cross, basic_altar, serial_shops, shop,
          kennysheep_jessica_study, uniq_crazy_yiuf_cottage, uniq_jessica
D:3:      layout_basic, lemuel_doored_altar, chequers_ecumenical_altar_island,
          corexii_hall_statues_t
D:5:      layout_loops_cross, serial_shops, nicolae_take_the_stairs,
          uniq_menkaure, uniq_ijyb

Skill      XL: |  1  2  3  4  5 |
---------------+----------------+-----
Ranged Weapons | 3 4 5 6 |  6.0
Fighting       | 2 3 4 |  4.2
Armour         | |  0.2
Dodging        | |  2.1
Spellcasting   | |  1.0
Hexes          | |  2.0

Action                     |  1- 3 |  4- 6 || total
---------------------------+-------+-------++-------
   Fire: Sling             |   102 |   101 ||   203
    Use: Scroll            |     2 |     9 ||    11
         Potion            |     1 |     3 ||     4
 Armour: Robe              |     7 |    14 ||    21
  Dodge: Dodged            |    26 |    33 ||    59

Table legend:
 A = Non-vault XP
 B = Vault XP
 C = Vault XP percentage of total XP
 D = Non-vault monster count
 E = Vault monster count
 F = Vault count percentage of total count
                 A         B        C        D         E       F
            +---------+---------+-------+---------+---------+-------
      Total |     378 |      39 |   9.4 |      65 |       2 |   3.0
            +---------+---------+-------+---------+---------+-------
        D:1 |      35 |       0 |   0.0 |      20 |       0 |   0.0
        D:2 |      42 |      39 |  48.1 |      16 |       2 |  11.1
        D:3 |     196 |       0 |   0.0 |      22 |       0 |   0.0
        D:5 |     105 |       0 |   0.0 |       7 |       0 |   0.0
            +---------+---------+-------+---------+---------+-------
